 Dungeon Crawl Stone Soup version 0.31.0-32-g396128a36d (webtiles) character file.

Game seed: 2675471105060888289

354 AdnanSaban the Covered (level 6, -3/39 HPs)
             Began as a Gargoyle Fighter on Apr 11, 2024.
             Splashed by a jelly's acid (5 damage)
             ... in the Ecumenical Temple.
             The game lasted 00:03:22 (2714 turns).

AdnanSaban the Covered (Gargoyle Fighter)           Turns: 2714, Time: 00:03:23

Health: -3/39      AC:  9    Str: 22    XL:     6   Next: 63%
Magic:  6/6        EV:  9    Int:  8    God:
Gold:   179        SH:  4    Dex:  9    Spells: 5/5 levels left

rFire   . . .        a - +0 flail
rCold   . . .        c - +0 buckler
rNeg    + . .        b - +0 scale mail
rPois   ∞            (no helmet)
rElec   +            (no cloak)
rCorr   .            h - +0 pair of gloves
SInv    .            (no boots)
Will    .....        (no amulet) Stlth
                     (no ring)
HPRegen 0.26/turn    (no ring)
MPRegen 0.10/turn

%: no passive effects
@: corroded
A: sickness immunity, AC +4, negative energy resistance 1, electricity
resistance, torment resistance 1, petrification resistance
a: no special abilities


You were in the Ecumenical Temple.
You visited 2 branches of the dungeon, and saw 6 of its levels.

You collected 179 gold pieces.

Inventory:

Hand Weapons
 a - a +0 flail (weapon)
Missiles
 k - 4 javelins (quivered)
 v - 10 poisoned darts
Armour
 b - a +0 scale mail (worn)
 c - a +0 buckler (worn)
 h - a +0 pair of gloves (worn)
Jewellery
 y - a +6 ring of intelligence
Wands
 x - a wand of flame (14)
Scrolls
 e - 3 scrolls of identify {unknown}
 f - a scroll of poison {unknown}
 g - 4 scrolls of noise {unknown}
 j - a scroll of vulnerability {unknown}
 p - 3 scrolls of enchant armour {unknown}
 q - a scroll of silence {unknown}
 s - a scroll of enchant weapon {unknown}
 u - a scroll of immolation {unknown}
Potions
 d - a potion of might
 i - a potion of attraction {unknown}
 l - 2 potions of invisibility {unknown}
 m - a potion of enlightenment {unknown}
 n - 3 potions of curing {unknown}
 o - a potion of mutation {unknown}
 r - a potion of ambrosia {unknown}
 t - a potion of brilliance {unknown}
 w - a potion of heal wounds {unknown}


   Skills:
 + Level 4.3 Fighting
 + Level 4.2 Maces & Flails
 + Level 5.1 Armour
 + Level 1.1 Dodging
 + Level 0.5 Stealth
 + Level 4.0 Shields


You had 5 spell levels left.
You didn't know any spells.
Your spell library contained the following spells:

 Spells                   Type           Power      Damage    Failure   Level
 Kiss of Death            Conj/Necr      0%         2d5       78%         1
 Confusing Touch          Hex            0%         N/A       98%         3
 Dispel Undead            Necr           0%         3d6       100%        4


Dungeon Overview and Level Annotations

Branches:
Dungeon (5/15)             Temple (1/1) D:5

Altars:
Ashenzari
Cheibriados
Dithmenos
Elyvilon
Hepliaklqana
Kikubaaqudgha
Makhleb
Nemelex Xobeh
Okawaru
Ru
Sif Muna
Trog
Uskayaw
Wu Jian
Xom
Yredelemnul
Zin

Shops:
D:5 =

Annotations:
D:3 1 runed translucent door, Crazy Yiuf
D:4 Edmund
Temple 3 transporters


Innate Abilities, Weirdness & Mutations

You are immune to sickness and miasma.
Your stone body is resilient. (AC +4)
You are immune to poison.
You resist negative energy. (rN+)
You are resistant to electric shocks. (rElec)
You are resistant to unholy torment.
You are immune to petrification.


Message History

There is a staircase back to the Dungeon here.
You sock the jelly! The acid corrodes you!
Your hands burn!
The jelly is almost dead.
The gnoll hits you with a +0 whip. The jelly hits you. The acid corrodes you!
You are splashed with acid!
You are too injured to fight recklessly!
You are too injured to fight recklessly!
You are too injured to fight recklessly!
You are too injured to fight recklessly!
You are too injured to fight recklessly!
You are too injured to fight recklessly!
You are too injured to fight recklessly!
You are too injured to fight recklessly!
You are too injured to fight recklessly!
You are too injured to fight recklessly!
You are too injured to fight recklessly!
You are too injured to fight recklessly!
You are too injured to fight recklessly!
You are too injured to fight recklessly!
You are too injured to fight recklessly!
You are too injured to fight recklessly!
You are too injured to fight recklessly!
You are too injured to fight recklessly!
The jelly hits you.
You are splashed with acid!
* * * LOW HITPOINT WARNING * * *
The gnoll hits you with a +0 whip.
* * * LOW HITPOINT WARNING * * *
Found two transporters.
The jelly attacks as it pursues you! The jelly barely misses you.
The jelly attacks as it pursues you! The jelly hits you but does no damage.
Found a snail-covered altar of Cheibriados and a glowing silver altar of Zin.
The gnoll attacks as it pursues you! The gnoll closely misses you. x2
The gnoll attacks as it pursues you! The gnoll closely misses you.
Found three altars.
The gnoll is no longer moving quickly.
There is a transporter here.
You enter the transporter and appear at another place.
The jelly hits you but does no damage. The gnoll hits you with a +0 whip.
* * * LOW HITPOINT WARNING * * *
You hit the jelly but do no damage.
Your hands burn!
You die...

###...###
##_#.<.#_##
##..#...#..##
###...#...#...###
##_....#...#...._##
#....._#...#_.....#
#......#...#......#
#.._...#...#......#
#....J@#©.©#©.....#
#.....g#8.8#....._#
#.....©#©.©#©.....#
#......#...#......#
#.._...#...#.._...#
#......#...#......#
##_..._#...#_..._##
###...#...#...###
##..#...#..##


You could see a jelly and a gnoll.

Vanquished Creatures
  An ogre (D:4)
  A scorpion (D:5)
  2 hounds
  Jessica (D:2)
  6 adders
  5 ribbon worms
  4 orcs (D:3)
  10 endoplasms
  2 giant cockroaches
  3 goblins (D:3)
  3 hobgoblins
  2 jackals (D:2)
  4 kobolds
  A quokka (D:3)
  8 ball pythons
  2 bats (D:1)
  3 frilled lizards
  2 rats
60 creatures vanquished.

Notes
Turn   | Place    | Note
-------+----------+-------------------------------------------
     0 | D:1      | AdnanSaban the Gargoyle Fighter began the quest for the
                  | Orb.
     0 | D:1      | Reached XP level 1. HP: 14/14 MP: 1/1
   302 | D:1      | Reached XP level 2. HP: 19/19 MP: 2/2
   792 | D:2      | Reached XP level 3. HP: 19/23 MP: 3/3
   876 | D:2      | Noticed Jessica
   883 | D:2      | Killed Jessica
   884 | D:2      | Reached skill level 4 in Armour
   899 | D:2      | Reached XP level 4. HP: 26/29 MP: 4/4
  1137 | D:2      | Found a faded altar of an unknown god.
  1593 | D:3      | Reached XP level 5. HP: 33/33 MP: 5/5
  1794 | D:3      | You fall into a shaft and drop 2 floors!
  1794 | D:5      | Entered Level 5 of the Dungeon
  1820 | D:5      | Found Sonaco's Jewellery Shoppe.
  2186 | D:3      | Found a runed translucent door.
  2187 | D:3      | Noticed Crazy Yiuf
  2573 | D:4      | Noticed an ogre
  2580 | D:4      | Killed an ogre
  2581 | D:4      | Reached skill level 1 in Dodging
  2581 | D:4      | Reached XP level 6. HP: 27/38 MP: 6/6
  2588 | D:4      | Reached skill level 5 in Armour
  2683 | D:4      | Identified the +9 rapier "Enwalet" {heavy, rPois rCorr}
  2687 | D:4      | Noticed Edmund
  2691 | D:5      | Found a staircase to the Ecumenical Temple.
  2704 | Temple   | Found a transporter.
  2704 | Temple   | Found a transporter.
  2704 | Temple   | Found a transporter.
  2704 | Temple   | Found a transporter.
  2704 | Temple   | Entered the Ecumenical Temple
  2714 | Temple   | Splashed by a jelly's acid

Illustrated notes

Levels and vault maps discovered:
D:1:      psy_arrival_dodecagon, layout_basic
D:2:      layout_basic, ebering_ecumenical_altar_mist, uniq_jessica
D:3:      layout_loops_cross, uniq_crazy_yiuf_cottage
D:4:      cheibrodos_barr_body, layout_loops_ring, minmay_misc_feat_enclosed,
          uniq_edmund
D:5:      layout_cave_pods, minmay_temple_entry_purple_smoke, serial_shops,
          nicolae_shop_temple_entry_statues_fountains, uniq_ijyb,
          uniq_prince_ribbit1, uniq_grinder
Temple:   hellmonk_temple_divided_pantheon

Skill      XL: |  1  2  3  4  5  6 |
---------------+-------------------+-----
Armour         | 4 5 |  5.1
Fighting       | 4 |  4.3
Maces & Flails | 4 |  4.2
Dodging        | 1 |  1.1
Shields        | 4 |  4.0
Stealth        | |  0.5

Action                     |  1- 3 |  4- 6 || total
---------------------------+-------+-------++-------
  Melee: Flail             |    98 |   172 ||   270
 Armour: Scale mail        |    76 |   172 ||   248
  Dodge: Dodged            |    54 |   101 ||   155
  Block: Buckler           |    27 |    42 ||    69
